[Event "Titled Tuesday Blitz May 03 Early 2022"]
[White "Bendayan Claros, Aaron"]
[Black "Baches Garcia, Guillermo"]
[WhiteFideId "3803392"]
[BlackFideId "2209764"]
[WhiteElo "2132"]
[BlackElo "2516"]
[Result "1/2-1/2"]
[Round "04"]
[TimeControl "180+1"]
[Date "2022.05.03"]
[WhiteClock "0:00:03"]
[BlackClock "0:00:19"]

1. d4 e6 2. c4 d5 3. Nc3 Nf6 4. cxd5 Nxd5 5. e4 Nxc3 6. bxc3 c5 7. Nf3 cxd4 8. cxd4 Bb4+ 9. Bd2 Bxd2+ 10. Qxd2 O-O 11. Bc4 Nd7 12. O-O b6 13. Rfd1 Bb7 14. Qf4 Rc8 15. Bb3 Qc7 16. Qh4 h6 17. h3 Rfd8 18. d5 exd5 19. Bxd5 Nc5 20. Rd4 Ne6 21. Bxe6 fxe6 22. Rad1 Rxd4 23. Rxd4 Qf7 24. Rd8+ Rxd8 25. Qxd8+ Kh7 26. Ne5 Qf4 27. Nd7 Qc1+ 28. Kh2 Qf4+ 29. Kg1 Qxe4 30. Nf8+ Kg8 31. Nd7+ Kf7 32. Qf8+ Kg6 33. Qe8+ Kg5 34. Qe7+ Kg6 35. Qe8+ Kg5 36. Qe7+ Kg6 37. Qe8+ 1/2-1/2


[Site "https://www.chess.com"]

[Event "Titled Tuesday Blitz May 03 Early 2022"]
[White "Bifulco, Michel"]
[Black "Lauridsen, Jesper Morch"]
[WhiteFideId "828580"]
[BlackFideId "1401890"]
[WhiteElo "2165"]
[BlackElo "2224"]
[Result "0-1"]
[Round "04"]
[TimeControl "180+1"]
[Date "2022.05.03"]
[WhiteClock "0:00:55"]
[BlackClock "0:00:13"]

1. d4 Nf6 2. Nc3 d5 3. Bf4 c6 4. e3 g6 5. h4 Bg7 6. Nf3 O-O 7. Qd2 Bg4 8. Ne5 Bf5 9. Be2 Nbd7 10. g4 Nxe5 11. gxf5 Nc4 12. Bxc4 dxc4 13. fxg6 fxg6 14. O-O-O b5 15. Rdg1 Kh8 16. h5 Nxh5 17. Rxh5 gxh5 18. Ne4 Qd5 19. Ng5 h6 20. Nh3 c3 21. bxc3 Qxa2 22. Qd3 Qa3+ 23. Kd2 b4 24. Qg6 Qxc3+ 25. Kd1 Qa1+ 26. Ke2 Qa6+ 27. Kd2 Rg8 28. Bxh6 Bxd4 29. Bg7+ Rxg7 30. Qxh5+ Kg8 31. Rxg7+ Bxg7 32. Ng5 Rd8+ 33. Ke1 Bc3# 0-1


[Site "https://www.chess.com"]

[Event "Titled Tuesday Blitz May 03 Early 2022"]
[White "Bintang, Rasyid A. Hidayat"]
[Black "Osmak, Yuliia"]
[WhiteFideId "7105355"]
[BlackFideId "14101602"]
[WhiteElo "2411"]
[BlackElo "2302"]
[Result "0-1"]
[Round "04"]
[TimeControl "180+1"]
[Date "2022.05.03"]
[WhiteClock "0:00:08"]
[BlackClock "0:00:06"]

1. d4 d6 2. Bf4 f5 3. Nc3 Nf6 4. f3 Nc6 5. e4 e5 6. dxe5 dxe5 7. Qxd8+ Kxd8 8. O-O-O+ Bd6 9. Bg5 h6 10. Bxf6+ gxf6 11. Nge2 f4 12. Nd5 Rf8 13. Nec3 Nd4 14. Ne2 Ne6 15. Nec3 Bd7 16. Nb5 Bxb5 17. Bxb5 c6 18. Nc3 Ke7 19. Bc4 Rg8 20. Bxe6 Kxe6 21. Rd2 Bc5 22. Nd1 Rad8 23. Rxd8 Rxd8 24. Re1 Rg8 25. Re2 Bg1 26. h3 Rd8 27. c3 Kf7 28. Kc2 Kg6 29. Re1 Bb6 30. b3 Kh5 31. Nb2 Kh4 32. Nc4 Kg3 33. Re2 Bf2 34. Nb2 Be3 35. Nd1 Bb6 36. a4 Kh2 37. b4 Rg8 38. a5 Bg1 39. Kb3 Rxg2 40. Re1 Kxh3 41. Nb2 Kg3 42. Nc4 h5 43. Nd6 Kxf3 44. Nf5 Kg4 45. Ng7 h4 46. Rd1 h3 47. Ne6 h2 48. Nf8 h1=Q 49. Nh7 Qxh7 50. Rd2 Qe7 51. Rxg2+ Kf3 52. Rxg1 Qe6+ 53. Kb2 Kxe4 54. Re1+ Kf5 55. Rd1 e4 56. Rh1 e3 57. Rh5+ Kg4 58. Rh2 e2 59. Rh1 e1=Q 60. Rh2 Q1e2+ 61. Rxe2 Qxe2+ 62. Kb3 f3 63. Ka4 Qa2# 0-1


[Site "https://www.chess.com"]

[Event "Titled Tuesday Blitz May 03 Early 2022"]
[White "Bluebaum, Matthias"]
[Black "Xu, Yi"]
[WhiteFideId "24651516"]
[BlackFideId "8605564"]
[WhiteElo "2550"]
[BlackElo "2471"]
[Result "1-0"]
[Round "04"]
[TimeControl "180+1"]
[Date "2022.05.03"]
[WhiteClock "0:01:30"]
[BlackClock "0:00:33"]

1. d4 Nf6 2. c4 e6 3. Nc3 Bb4 4. e3 O-O 5. Bd2 d5 6. Nf3 b6 7. cxd5 exd5 8. Rc1 Bb7 9. Bd3 Re8 10. O-O Bf8 11. Ne5 c5 12. Bb5 Re7 13. f4 a6 14. Ba4 b5 15. Bc2 cxd4 16. exd4 Nc6 17. Be1 Qb6 18. Kh1 Ree8 19. Bf2 Nb4 20. Bb1 Ne4 21. a3 Nc6 22. Nxe4 dxe4 23. d5 e3 24. dxc6 exf2 25. cxb7 Rad8 26. Qf3 f6 27. Ba2+ 1-0


[Site "https://www.chess.com"]

[Event "Titled Tuesday Blitz May 03 Early 2022"]
[White "Bok, Benjamin"]
[Black "Vysochin, Spartak"]
[WhiteFideId "1017063"]
[BlackFideId "14103516"]
[WhiteElo "2658"]
[BlackElo "2385"]
[Result "1-0"]
[Round "04"]
[TimeControl "180+1"]
[Date "2022.05.03"]
[WhiteClock "0:00:43"]
[BlackClock "0:00:11"]

1. d4 d5 2. c4 c6 3. Nf3 Nf6 4. cxd5 cxd5 5. Nc3 Nc6 6. Bf4 a6 7. Rc1 Bf5 8. e3 Rc8 9. Be2 e6 10. O-O Nd7 11. Na4 Be7 12. h3 O-O 13. a3 b5 14. Nc5 Nxc5 15. dxc5 Bf6 16. Nd4 e5 17. Nxc6 Rxc6 18. Bg3 e4 19. b4 Re8 20. Bd6 Rxd6 21. cxd6 Qxd6 22. Rc5 Be6 23. Bg4 Qe5 24. Bxe6 fxe6 25. Rc6 Ra8 26. Qg4 Re8 27. Rfc1 Qf5 28. Rc8 Rxc8 29. Rxc8+ Kf7 30. Qxf5 exf5 31. Ra8 d4 32. exd4 Bxd4 33. Rxa6 Bb2 34. Kf1 f4 35. Ke2 g5 36. Ra5 Kf6 37. Rxb5 Bxa3 38. Rb8 h5 39. b5 g4 40. hxg4 hxg4 41. b6 f3+ 42. gxf3 gxf3+ 43. Kf1 1-0


[Site "https://www.chess.com"]

[Event "Titled Tuesday Blitz May 03 Early 2022"]
[White "Bongo Akanga Ndjila, Barthelemy"]
[Black "Manon, Reja Neer"]
[WhiteFideId "10609431"]
[BlackFideId "10224009"]
[WhiteElo "1768"]
[BlackElo "1911"]
[Result "0-1"]
[Round "04"]
[TimeControl "180+1"]
[Date "2022.05.03"]
[WhiteClock "0:00:57"]
[BlackClock "0:01:34"]

1. d4 Nf6 2. c4 g6 3. Nc3 Bg7 4. e4 d6 5. Be2 O-O 6. Nf3 e5 7. O-O Nc6 8. d5 Ne7 9. Ne1 a5 10. Be3 Nd7 11. f3 f5 12. a4 b6 13. Rc1 f4 14. Bf2 g5 15. g4 fxg3 16. hxg3 Nf6 17. Kg2 Ng6 18. Rh1 h5 19. Be3 g4 20. Bg5 gxf3+ 21. Bxf3 Bg4 22. Qd2 Qd7 23. Bh6 Rf7 24. Bxg7 Kxg7 25. Qg5 Nh7 26. Qe3 Raf8 27. Bxg4 Qxg4 28. Rc2 Nf4+ 29. Kg1 Nh3+ 30. Rxh3 Qxh3 31. Ng2 0-1


[Site "https://www.chess.com"]

[Event "Titled Tuesday Blitz May 03 Early 2022"]
[White "Borgaonkar Akshay"]
[Black "Balabayeva, Xeniya"]
[WhiteFideId "25639110"]
[BlackFideId "13719688"]
[WhiteElo "1624"]
[BlackElo "1941"]
[Result "1-0"]
[Round "04"]
[TimeControl "180+1"]
[Date "2022.05.03"]
[WhiteClock "0:00:22"]
[BlackClock "0:00:12"]

1. e4 c6 2. d4 d5 3. e5 Bf5 4. Bd3 Bxd3 5. Qxd3 Qa5+ 6. c3 e6 7. f4 g6 8. Ne2 Nd7 9. O-O c5 10. Qf3 Rc8 11. Be3 Qb6 12. Nd2 c4 13. g4 h5 14. h3 hxg4 15. hxg4 Ne7 16. Kg2 Rc7 17. Rab1 a5 18. Ng3 Rg8 19. Rh1 a4 20. a3 f6 21. Rh7 Bg7 22. Qd1 Qc6 23. Qc2 Qb6 24. Nf3 Qb5 25. Nh4 g5 26. fxg5 fxe5 27. dxe5 Bxe5 28. Rf1 Nf8 29. Rhf7 d4 30. cxd4 Qd5+ 31. Kh3 Bxg3 32. Kxg3 e5 33. dxe5 Ne6 34. Nf5 Qxe5+ 35. Kg2 Nxf5 36. R1xf5 Qxe3 37. Rxc7 Nxc7 38. Qxc4 Kd7 39. Rf7+ Ke8 40. Rf2 Rxg5 41. Re2 1-0


[Site "https://www.chess.com"]

[Event "Titled Tuesday Blitz May 03 Early 2022"]
[White "Buscar, Michael"]
[Black "Kozin, Yuri"]
[WhiteFideId "2603616"]
[BlackFideId "4129920"]
[WhiteElo "2010"]
[BlackElo "2587"]
[Result "0-1"]
[Round "04"]
[TimeControl "180+1"]
[Date "2022.05.03"]
[WhiteClock "0:00:01"]
[BlackClock "0:00:15"]

1. d4 d5 2. c4 c6 3. Nf3 Nf6 4. g3 g6 5. Bg2 Bg7 6. O-O dxc4 7. a4 O-O 8. Na3 Na6 9. Nxc4 Be6 10. Nce5 Nb4 11. Ra3 a5 12. Nd3 Bd5 13. Nxb4 axb4 14. Rd3 b3 15. Ne5 Rxa4 16. Bxd5 Qxd5 17. Qxb3 Rxd4 18. Rxd4 Qxd4 19. Nd3 Qa7 20. Be3 Qa8 21. Bc5 Re8 22. Rd1 Ne4 23. Bb6 Nd6 24. Nc5 Nb5 25. e3 Qc8 26. Rd7 Nd6 27. h4 Bf6 28. h5 Kg7 29. Kg2 gxh5 30. Qc2 h4 31. gxh4 Bxh4 32. Qe2 Bf6 33. Qg4+ Kh8 34. Kf1 Rg8 35. Qh3 Bxb2 36. Nd3 Bf6 37. Nf4 Qa8 38. Qh4 Qa1+ 39. Ke2 Bxh4 40. Kf3 Qd1+ 0-1


[Site "https://www.chess.com"]

[Event "Titled Tuesday Blitz May 03 Early 2022"]
[White "Cherniaiev, Tykhon"]
[Black "Taboas Rodriguez, Daniel"]
[WhiteFideId "14182360"]
[BlackFideId "2208466"]
[WhiteElo "2289"]
[BlackElo "2429"]
[Result "0-1"]
[Round "04"]
[TimeControl "180+1"]
[Date "2022.05.03"]
[WhiteClock "0:00:02"]
[BlackClock "0:00:06"]

1. Nf3 Nf6 2. c4 g6 3. g3 b6 4. Bg2 Bb7 5. O-O Bg7 6. Nc3 O-O 7. d4 Ne4 8. Qc2 Nxc3 9. bxc3 Nc6 10. Rd1 d6 11. Nd2 Qc8 12. Bb2 Na5 13. e4 e5 14. d5 Ba6 15. Qd3 c6 16. Ba3 Rd8 17. Bb4 Nxc4 18. Nxc4 cxd5 19. Nxb6 axb6 20. Qxd5 Bc4 21. Qd2 Qc6 22. a3 b5 23. Qe3 Bf8 24. Rd2 h5 25. Rad1 Bb3 26. Rb1 Be6 27. h4 Kh7 28. Rbd1 Bb3 29. Rb1 Be6 30. f4 exf4 31. gxf4 Bh6 32. e5 Qc4 33. Rd4 Qa2 34. Rf1 dxe5 35. Rxd8 Rxd8 36. Qxe5 Rd2 37. Be4 Re2 38. f5 Qd2 39. fxg6+ fxg6 40. Bxg6+ Kxg6 41. Rf6+ Kh7 42. Qxe6 Qe1+ 43. Rf1 Qg3+ 44. Kh1 Qh2# 0-1


[Site "https://www.chess.com"]

[Event "Titled Tuesday Blitz May 03 Early 2022"]
[White "Chernomordik, Pavel"]
[Black "Khokhlova, Daria"]
[WhiteFideId "2804530"]
[BlackFideId "24182729"]
[WhiteElo "2220"]
[BlackElo "2034"]
[Result "0-1"]
[Round "04"]
[TimeControl "180+1"]
[Date "2022.05.03"]
[WhiteClock "0:00:10"]
[BlackClock "0:00:14"]

1. e4 c5 2. Nc3 Nc6 3. Bb5 g6 4. Bxc6 bxc6 5. f4 Bg7 6. Nf3 e6 7. e5 f6 8. Ne4 Qb6 9. Nd6+ Kf8 10. Qe2 Ne7 11. O-O Nf5 12. Nc4 Qc7 13. b3 Ba6 14. Ba3 Bxc4 15. Qxc4 Kf7 16. Bxc5 Rhe8 17. g4 Ne7 18. exf6 Bxf6 19. Bd4 Nd5 20. Ne5+ Kg8 21. Rae1 Rf8 22. Qd3 Rae8 23. c4 Ne7 24. Bc5 Bg7 25. Bd6 Qd8 26. Qd4 Bf6 27. Qxa7 Bxe5 28. fxe5 Nc8 29. Rxf8+ Rxf8 30. Qd4 Qh4 31. Re2 Nxd6 32. exd6 e5 33. Qe4 Rf4 34. Qxe5 Qxg4+ 0-1


[Site "https://www.chess.com"]

[Event "Titled Tuesday Blitz May 03 Early 2022"]
[White "Chuemsakul, Sarocha"]
[Black "Djokic, Mihailo"]
[WhiteFideId "6203710"]
[BlackFideId "976440"]
[WhiteElo "1703"]
[BlackElo "2202"]
[Result "0-1"]
[Round "04"]
[TimeControl "180+1"]
[Date "2022.05.03"]
[WhiteClock "0:00:01"]
[BlackClock "0:00:28"]

1. Nf3 Nf6 2. g3 g6 3. b3 Bg7 4. Bb2 O-O 5. Bg2 d6 6. d4 e5 7. dxe5 Nfd7 8. c4 Nc6 9. O-O dxe5 10. Qd2 Nc5 11. Qe3 Nd4 12. Na3 Re8 13. Rfd1 Bg4 14. Rd2 Bxf3 15. exf3 Nce6 16. Nc2 c5 17. Nxd4 cxd4 18. Qe2 Qa5 19. a3 Rad8 20. b4 Qa4 21. Qd1 Qd7 22. Bf1 Qc7 23. c5 b6 24. Rc1 bxc5 25. bxc5 Rb8 26. a4 Rec8 27. Ba3 Qa5 28. Rdc2 Qxa4 29. Bb2 Qc6 30. Bd3 f5 31. Bc4 Kh8 32. Ba2 Nc7 33. Qe2 a5 34. Qd3 e4 35. fxe4 fxe4 36. Qc4 Rb4 37. Qf7 Rf8 38. Qe7 h5 0-1


[Site "https://www.chess.com"]

[Event "Titled Tuesday Blitz May 03 Early 2022"]
[White "Coto Mederos, Michel"]
[Black "Djordjevic, Vuk"]
[WhiteFideId "3508528"]
[BlackFideId "902098"]
[WhiteElo "2427"]
[BlackElo "2496"]
[Result "0-1"]
[Round "04"]
[TimeControl "180+1"]
[Date "2022.05.03"]
[WhiteClock "0:00:15"]
[BlackClock "0:00:47"]

1. c4 e5 2. Nc3 Nc6 3. g3 g6 4. Bg2 Bg7 5. e3 d6 6. Nge2 Be6 7. Nd5 Qd7 8. Rb1 Nd8 9. d3 c6 10. Ndc3 Bh3 11. O-O Bxg2 12. Kxg2 Ne7 13. e4 d5 14. Ng1 Ne6 15. b4 a6 16. Qa4 b5 17. cxb5 cxb5 18. Qb3 Nd4 19. Qb2 O-O 20. Nge2 Rac8 21. Bd2 Nxe2 22. Nxe2 dxe4 23. dxe4 Qd3 24. Nc3 f5 25. exf5 Rxf5 26. Rbd1 e4 27. Qb3+ Rc4 28. Nb1 Qxb3 29. axb3 Rc2 30. Be3 Nd5 31. Rd2 Nxe3+ 32. fxe3 Rxf1 33. Kxf1 Rc1+ 34. Kg2 Rxb1 35. Rd8+ Bf8 36. Re8 Rxb3 37. Rxe4 Rxb4 38. Re6 a5 39. Ra6 a4 40. Kf3 a3 41. g4 Ra4 0-1


[Site "https://www.chess.com"]

[Event "Titled Tuesday Blitz May 03 Early 2022"]
[White "Cramling Bellon, Anna"]
[Black "Prohorov, Olexandr"]
[WhiteFideId "32009232"]
[BlackFideId "14105578"]
[WhiteElo "1905"]
[BlackElo "1993"]
[Result "1/2-1/2"]
[Round "04"]
[TimeControl "180+1"]
[Date "2022.05.03"]
[WhiteClock "0:02:10"]
[BlackClock "0:02:50"]

1. d4 d5 2. c4 c6 3. Nf3 Nf6 4. Nc3 e6 5. e3 Nbd7 6. Bd3 Bd6 7. O-O O-O 8. Bd2 dxc4 9. Bxc4 b5 10. Bd3 Bb7 11. e4 e5 12. d5 b4 13. dxc6 Bxc6 14. Nb5 1/2-1/2


[Site "https://www.chess.com"]

[Event "Titled Tuesday Blitz May 03 Early 2022"]
[White "Csonka, Balazs"]
[Black "Wong, Yinn Long"]
[WhiteFideId "742910"]
[BlackFideId "5707684"]
[WhiteElo "2404"]
[BlackElo "2055"]
[Result "0-1"]
[Round "04"]
[TimeControl "180+1"]
[Date "2022.05.03"]
[WhiteClock "0:00:03"]
[BlackClock "0:00:06"]

1. d4 e6 2. e4 d5 3. Nc3 dxe4 4. Nxe4 Bd7 5. Nf3 Bc6 6. Bd3 Nd7 7. c3 Ngf6 8. Nxf6+ Qxf6 9. Bg5 Bxf3 10. Qd2 Bxg2 11. Bxf6 Bxh1 12. Bh4 Bc6 13. O-O-O Bd6 14. Rg1 g6 15. Qh6 Bf8 16. Qg5 h6 17. Qa5 Bd6 18. Bg3 Ke7 19. Re1 Nf6 20. Be5 b6 21. Qa6 Rhd8 22. f4 Nd5 23. Qc4 Kd7 24. Be4 a5 25. Qd3 Be7 26. a3 f6 27. c4 fxe5 28. fxe5 Nf4 29. Bxc6+ Kxc6 30. Qe4+ Nd5 31. Kb1 Rd7 32. cxd5+ Rxd5 33. Qxg6 Kd7 34. Rd1 Rf8 35. Qxh6 Rf2 36. Rg1 Rb5 37. Qc1 Bxa3 38. Rg7+ Ke8 39. Rxc7 Rbxb2+ 40. Ka1 Ra2+ 41. Kb1 Bxc1 0-1


[Site "https://www.chess.com"]

[Event "Titled Tuesday Blitz May 03 Early 2022"]
[White "Cunha, Lucas Aguiar"]
[Black "Kovalenko, Igor"]
[WhiteFideId "2125404"]
[BlackFideId "14117908"]
[WhiteElo "2361"]
[BlackElo "2560"]
[Result "1-0"]
[Round "04"]
[TimeControl "180+1"]
[Date "2022.05.03"]
[WhiteClock "0:00:15"]
[BlackClock "0:00:10"]

1. e4 c5 2. Nf3 e6 3. d4 cxd4 4. Nxd4 a6 5. Bd3 Bc5 6. Nb3 Ba7 7. Qg4 Nf6 8. Qe2 d6 9. N1d2 Nc6 10. a4 O-O 11. O-O Ne5 12. Kh1 Bd7 13. f4 Nxd3 14. cxd3 Bc6 15. f5 e5 16. Nc4 b5 17. Nca5 Bd7 18. axb5 Bxb5 19. Bg5 h6 20. Bh4 Bb6 21. Nc4 Bc7 22. Ne3 Kh7 23. Rac1 Ra7 24. Nd5 Rb7 25. Bxf6 gxf6 26. Nd2 Rg8 27. Rf3 Ba5 28. Rh3 Bxd2 29. Qxd2 Rg5 30. Rh4 Kg7 31. Qe3 Rb8 32. Qh3 Rc8 33. Rg1 Qh8 34. Nxf6 Rc2 35. Nd5 f6 36. Nxf6 Rd2 37. Nd5 Rxd3 38. f6+ Kg6 39. Qe6 Qe8 40. Ne7+ Kh7 41. f7 Qf8 42. Rxh6+ Qxh6 43. Qxh6+ Kxh6 44. f8=Q+ Kh7 45. Qf7+ Kh6 46. Nf5+ Rxf5 47. exf5 Kg5 48. Qg6+ Kf4 49. f6 Bc4 50. Rf1+ 1-0


[Site "https://www.chess.com"]

[Event "Titled Tuesday Blitz May 03 Early 2022"]
[White "Cunjalo, Faris"]
[Black "Mortazavi, Ali"]
[WhiteFideId "14410710"]
[BlackFideId "401323"]
[WhiteElo "2263"]
[BlackElo "2339"]
[Result "1-0"]
[Round "04"]
[TimeControl "180+1"]
[Date "2022.05.03"]
[WhiteClock "0:02:25"]
[BlackClock "0:02:14"]

1. c4 Nf6 2. Nc3 g6 3. e4 d6 4. d4 Bg7 5. Be2 O-O 6. Bg5 c5 7. d5 e6 8. Qd2 exd5 9. exd5 Re8 10. Nf3 Qb6 11. O-O Bf5 12. Nh4 Ne4 13. Nxe4 Bxe4 14. f3 h6 15. Bxh6 Bxh6 16. Qxh6 Qxb2 17. fxe4 Qxe2 18. Nxg6 1-0


[Site "https://www.chess.com"]

[Event "Titled Tuesday Blitz May 03 Early 2022"]
[White "Dang, Hoang Son"]
[Black "Deac, Bogdan-Daniel"]
[WhiteFideId "12402435"]
[BlackFideId "1226380"]
[WhiteElo "2252"]
[BlackElo "2648"]
[Result "0-1"]
[Round "04"]
[TimeControl "180+1"]
[Date "2022.05.03"]
[WhiteClock "0:00:10"]
[BlackClock "0:01:11"]

1. d4 Nf6 2. Bf4 c5 3. e3 Qb6 4. Nc3 d6 5. a4 a6 6. Bc4 g6 7. a5 Qc7 8. dxc5 Qxc5 9. Bb3 Bg7 10. Nge2 Nc6 11. O-O Nxa5 12. Na4 Qc7 13. Ba2 Bd7 14. Nac3 Nc4 15. Qd4 Nb6 16. Rfd1 O-O 17. Bg5 Rac8 18. Qh4 Nc4 19. Rd4 Ne5 20. Rad1 Bg4 21. R1d2 Bxe2 22. Rxe2 b5 23. Qh3 Qa5 24. Bb3 Rxc3 25. f4 Qa1+ 26. Kf2 Neg4+ 27. Kf3 Qf1+ 0-1


[Site "https://www.chess.com"]

[Event "Titled Tuesday Blitz May 03 Early 2022"]
[White "Dauner, Benedikt"]
[Black "Vignesh, N R"]
[WhiteFideId "16225899"]
[BlackFideId "25012215"]
[WhiteElo "2230"]
[BlackElo "2363"]
[Result "1-0"]
[Round "04"]
[TimeControl "180+1"]
[Date "2022.05.03"]
[WhiteClock "0:00:04"]
[BlackClock "0:00:14"]

1. b3 g6 2. Bb2 Nf6 3. Bxf6 exf6 4. c4 f5 5. Nc3 Bg7 6. Rc1 O-O 7. g3 d6 8. Bg2 Nc6 9. e3 a5 10. Nge2 h5 11. O-O h4 12. d4 hxg3 13. hxg3 Bh6 14. Bf3 Kg7 15. Kg2 Bd7 16. a3 Bg5 17. Qd3 Ne7 18. b4 axb4 19. axb4 Ra3 20. Ra1 Qa8 21. Qd1 Rh8 22. Qc1 Rxa1 23. Qxa1 f4 24. Qxa8 Bh3+ 25. Kh2 Bxf1+ 26. Qxh8+ Kxh8 27. gxf4 Bh4 28. Kg1 Bxe2 29. Nxe2 b6 30. d5 Bf6 31. Kf1 Bb2 32. Be4 f5 33. Bd3 Kg7 34. Ke1 c6 35. dxc6 Nxc6 36. b5 Nb4 37. Kd2 Kf6 38. Bb1 d5 39. cxd5 Nxd5 40. Kc2 Ba3 41. Kb3 Bc5 42. Kc4 Nc7 43. Nc3 Ne8 44. Na4 Nd6+ 45. Kd5 Nxb5 46. Bd3 Nc7+ 47. Kc6 Ne6 48. Nxb6 Bxb6 49. Kxb6 Ke7 50. Kc6 Nd8+ 51. Kd5 Nf7 52. Bc4 Nd6 53. Bd3 Ne8 54. Ke5 Nf6 55. Bxf5 gxf5 56. Kxf5 Nd5 57. Kg6 Nc3 58. f5 Ne4 59. f3 Nf6 60. e4 Nd7 61. Kg7 Ne5 62. f6+ Ke6 63. f4 Nd7 64. f7 Ke7 65. e5 Nf8 66. f5 Nd7 67. e6 Nf8 68. f6+ 1-0


[Site "https://www.chess.com"]

[Event "Titled Tuesday Blitz May 03 Early 2022"]
[White "De Souza, Cristiano Gomes"]
[Black "Dilmukhametov, Artur"]
[WhiteFideId "2151758"]
[BlackFideId "24179922"]
[WhiteElo "2068"]
[BlackElo "2244"]
[Result "1-0"]
[Round "04"]
[TimeControl "180+1"]
[Date "2022.05.03"]
[WhiteClock "0:01:21"]
[BlackClock "0:00:01"]

1. d4 Nf6 2. c4 g6 3. Nc3 Bg7 4. e4 d6 5. Nf3 O-O 6. Be2 Na6 7. O-O c5 8. d5 Nc7 9. a4 a5 10. Bf4 Bd7 11. Rc1 Rb8 12. b3 b6 13. h3 Nh5 14. Bh2 e5 15. dxe6 fxe6 16. Qxd6 Rb7 17. Rfd1 Rf7 18. Nb5 Nxb5 19. cxb5 Bf8 20. Qd2 Bg7 21. Bc4 Re7 22. g4 Nf6 23. Qe3 Qc8 24. Rc2 Qe8 25. Rcd2 Kh8 26. Ne5 Qf8 27. g5 Nh5 28. Nxd7 Rbxd7 29. Rxd7 Rxd7 30. Rxd7 Bd4 31. Rxd4 cxd4 32. Qxd4+ Kg8 33. Bxe6+ Qf7 34. Qd8+ Kg7 35. Be5+ Nf6 36. Bxf6+ Qxf6 37. Qg8# 1-0


[Site "https://www.chess.com"]

[Event "Titled Tuesday Blitz May 03 Early 2022"]
[White "Delorme, Alban"]
[Black "Terry, Renato"]
[WhiteFideId "623636"]
[BlackFideId "3803457"]
[WhiteElo "2197"]
[BlackElo "2577"]
[Result "0-1"]
[Round "04"]
[TimeControl "180+1"]
[Date "2022.05.03"]
[WhiteClock "0:00:43"]
[BlackClock "0:00:16"]

1. d4 d5 2. Nf3 Nf6 3. g3 c6 4. Bg2 Bf5 5. O-O e6 6. c4 Nbd7 7. Nc3 h6 8. Ne5 Be7 9. Qb3 Qb6 10. Nxd7 Nxd7 11. e4 dxe4 12. Nxe4 O-O 13. Be3 Rfd8 14. Rfd1 Qxb3 15. axb3 Nf6 16. Nxf6+ Bxf6 17. Rd2 a6 18. Rad1 Bg4 19. f3 Bf5 20. g4 Bg6 21. f4 Be7 22. Rf2 f5 23. Bh3 Rd7 24. gxf5 Bxf5 25. Bxf5 exf5 26. Rfd2 Re8 27. Kf2 Bh4+ 28. Kf3 Rde7 29. Rd3 g5 30. Rg1 g4+ 31. Ke2 Kf7 32. Kd2 Bf2 33. Bxf2 Re2+ 34. Kc3 Rxf2 35. d5 c5 36. Rgd1 Ree2 37. R1d2 Rxd2 38. Rxd2 Rxd2 39. Kxd2 h5 40. Ke3 h4 41. Kf2 Ke7 42. Kg2 Kd6 43. Kf2 b5 44. Kg2 a5 45. h3 g3 46. Kf3 a4 47. bxa4 bxc4 48. a5 Kxd5 49. a6 Kc6 50. b4 cxb4 0-1


[Site "https://www.chess.com"]

[Event "Titled Tuesday Blitz May 03 Early 2022"]
[White "Dubov, Daniil"]
[Black "Rasulov, Vugar"]
[WhiteFideId "24126055"]
[BlackFideId "13402390"]
[WhiteElo "2791"]
[BlackElo "2560"]
[Result "1-0"]
[Round "04"]
[TimeControl "180+1"]
[Date "2022.05.03"]
[WhiteClock "0:00:42"]
[BlackClock "0:00:49"]

1. d4 Nf6 2. Nf3 d5 3. c4 c6 4. Nc3 e6 5. g3 Nbd7 6. Bg2 dxc4 7. O-O Be7 8. e4 O-O 9. Bf4 b5 10. d5 exd5 11. exd5 cxd5 12. Nxd5 Nxd5 13. Qxd5 Nb6 14. Qxb5 Qd5 15. Qxd5 Nxd5 16. Ne5 Nxf4 17. Bxa8 Ne2+ 18. Kg2 Bf6 19. f4 Be6 20. Be4 Rb8 21. Rf2 Nd4 22. Rd1 Nf5 23. Bxf5 Bxf5 24. Nxc4 h5 25. b3 h4 26. Kf3 Be6 27. g4 g6 28. Re2 Re8 29. f5 1-0


[Site "https://www.chess.com"]

[Event "Titled Tuesday Blitz May 03 Early 2022"]
[White "Ezat, Mohamed"]
[Black "Khamdamova, Afruza"]
[WhiteFideId "10600906"]
[BlackFideId "14210444"]
[WhiteElo "2386"]
[BlackElo "1660"]
[Result "1-0"]
[Round "04"]
[TimeControl "180+1"]
[Date "2022.05.03"]
[WhiteClock "0:00:10"]
[BlackClock "0:00:10"]

1. d4 Nf6 2. c4 e6 3. Nc3 d5 4. cxd5 exd5 5. Bg5 Be7 6. e3 O-O 7. Bd3 c6 8. Qc2 Nbd7 9. Nge2 Re8 10. O-O Nf8 11. Rab1 g6 12. b4 a6 13. Na4 Ne6 14. Bh4 Ng7 15. Nc5 Nd7 16. Bxe7 Qxe7 17. a4 Nf6 18. b5 axb5 19. axb5 Bf5 20. bxc6 bxc6 21. Rb6 Rec8 22. Rc1 Bxd3 23. Nxd3 Nf5 24. Rxc6 Nd6 25. Ne5 Nc4 26. Rxc8+ Rxc8 27. Qa4 Qb7 28. Nxc4 dxc4 29. Nc3 Qb3 30. Qa6 Rb8 31. h3 Rb6 32. Qa1 Qb4 33. e4 Nd7 34. Nd5 Qd6 35. Nxb6 Nxb6 36. d5 Qf4 37. Rb1 Nd7 38. Qd4 Ne5 39. d6 Qg5 40. Kh1 Nd7 41. Qxc4 Qe5 42. Qd5 Qf4 43. Rd1 Qxf2 44. e5 Qe2 45. Rb1 Qxe5 46. Qxe5 Nxe5 47. Re1 f6 48. Rxe5 fxe5 49. d7 1-0


[Site "https://www.chess.com"]

[Event "Titled Tuesday Blitz May 03 Early 2022"]
[White "Fedoseev, Vladimir"]
[Black "Paravyan, David"]
[WhiteFideId "24130737"]
[BlackFideId "4194985"]
[WhiteElo "2726"]
[BlackElo "2569"]
[Result "1/2-1/2"]
[Round "04"]
[TimeControl "180+1"]
[Date "2022.05.03"]
[WhiteClock "0:00:22"]
[BlackClock "0:00:07"]

1. e4 e5 2. Nf3 Nf6 3. Nxe5 d6 4. Nf3 Nxe4 5. d4 d5 6. Bd3 Bd6 7. O-O O-O 8. c4 c6 9. Qc2 h6 10. Re1 Be6 11. cxd5 cxd5 12. Bxe4 dxe4 13. Qxe4 Bd5 14. Qg4 Qd7 15. Qxd7 Nxd7 16. Nc3 Bxf3 17. gxf3 f5 18. Nb5 Bb4 19. Re6 Rf6 20. d5 Rxe6 21. dxe6 Nf8 22. Nc7 Rd8 23. Be3 Bd6 24. Rc1 a6 25. Bc5 Bxc5 26. Rxc5 Rd1+ 27. Kg2 Re1 28. Rxf5 Nxe6 29. Nxe6 Rxe6 30. Rf4 Re2 31. Rb4 b5 32. f4 Kf7 33. Kf3 Rc2 34. h4 Kg6 35. a4 bxa4 36. Rxa4 Rxb2 37. Rxa6+ Kf5 38. Ra5+ Kf6 39. h5 Rc2 40. Kg3 Rb2 41. f3 Rb1 42. Ra6+ Kf7 43. Kg4 Rg1+ 44. Kf5 Kg8 45. Ra8+ Kh7 46. Ke6 Rg3 47. Ra3 Rh3 48. f5 Rxh5 49. f6 gxf6 50. Kxf6 Rg5 51. Ra7+ Kh8 52. f4 Rg1 53. f5 h5 54. Ke6 h4 55. f6 Re1+ 56. Kf5 h3 57. Ra3 Kg8 58. Rxh3 Rf1+ 59. Ke5 Re1+ 60. Kf5 Rf1+ 61. Ke5 Rd1 62. Rg3+ Kf8 63. Rg7 Re1+ 64. Kf5 Rf1+ 65. Ke6 Re1+ 66. Kf5 Rf1+ 67. Ke5 Re1+ 68. Kd5 Rd1+ 69. Ke6 Re1+ 70. Kf5 1/2-1/2


[Site "https://www.chess.com"]